Map: Mementos LE

Players

Мокрушин - Winner!

  • Race: Terran Terran
  • League: Silver
  • Spawn Location: 3:00

MooEsqoo - Winner!

  • Race: Protoss Protoss
  • Spawn Location: 1:00

AlexKey - Winner!

  • Race: Terran Terran
  • Spawn Location: 3:00

Odin - Winner!

  • Race: Protoss Protoss
  • Spawn Location: 12:00

NUKEduken

  • Race: Zerg Zerg
  • Spawn Location: 7:00

Jazman

  • Race: Terran Terran
  • Spawn Location: 9:00

azerty

  • Race: Protoss Protoss
  • Spawn Location: 9:00

GraniteKilla

  • Race: Terran Terran
  • League: Silver
  • Spawn Location: 6:00

VOD

Have the link to the VOD?

Description

Time

  • Played on: Nov. 13, 2019, 10:49 a.m.
  • Length: 27:05
Show
View Real Time Build Order
Export as new Build Order

Мокрушин Terran - Winner!

Build Orders:  

Get SALT Encoding   

  12  0:02  SCV  
  14  0:14  SCV  
  14  0:26  SCV  
  15  0:55  Supply Depot  
  15  1:05  Engineering Bay  
  15  1:09  Refinery  
  15  1:13  Supply Depot  
  15  1:19  Refinery  
  15  1:29  SCV  
  16  1:33  Barracks  
  16  1:35  Supply Depot  
  16  1:41  SCV  
  17  2:21  Barracks  
  17  2:34  Command Center  
  17  2:36  Barracks Tech Lab  
  17  3:06  Marine  
  18  3:14  Refinery  
  18  3:22  Barracks Reactor  
  18  3:25  Combat Shield  
  18  3:28  Marine  
  19  3:41  Refinery  
  19  3:46  Marine  
  20  4:00  Marine x2  
  22  4:03  Marine  
  22  4:09  Planetary Fortress  
  23  4:18  Marine x2  
  23  4:19  Orbital Command  
  23  4:21  Marine  
  26  4:35  Marine  
  26  4:36  Marine  
  28  4:39  Marine  
  28  4:44  Stimpack  
  29  4:53  Marine  
  29  4:54  Marine  
  29  4:55  Terran Infantry Weapons Level 1  
  31  5:07  SCV  
  31  5:13  SCV  
  33  5:19  SCV  
  34  5:25  SCV  
  35  5:31  SCV  
  36  5:37  SCV  
  37  5:43  SCV  
  37  5:49  SCV  
  39  5:56  SCV  
  39  6:20  Marine x2  
  39  6:21  Marine  
  39  6:24  SCV  
  43  6:37  SCV  
  43  6:38  Marine x3  
  47  6:49  SCV, Terran Infantry Armor Level 1  
  48  6:56  Marine x3  
  48  7:01  SCV  
  52  7:05  Supply Depot  
  52  7:13  SCV  
  52  7:14  Marine x3  
  56  7:32  Marine  
  57  7:46  Factory  
  31  9:02  Marine x2  
  33  9:15  Barracks Reactor  
  33  9:19  Marine  
  33  9:20  Marine  
  33  9:23  Siege Tank  
  38  9:37  Marine x2  
  40  9:55  Siege Tank, Marine x2  
  45  10:13  Marine x2  
  47  10:19  Marine x2  
  49  10:31  Marine  
  50  10:45  Marine x2  
  50  10:46  Marine  
  50  10:48  Marine  
  54  11:03  Marine x3  
  57  11:06  Marine  
  58  11:21  Armory, Marine x2  
  60  11:34  Starport  
  60  11:54  Marine x4  
  64  12:03  Supply Depot  
  64  12:12  Starport, Marine x4  
  68  12:25  Supply Depot  
  68  12:30  Marine x4  
  72  12:47  Marine  
  72  12:48  Supply Depot, Marine  
  74  13:10  Supply Depot  
  74  13:33  Supply Depot  
  47  13:51  Marine x4  
  51  13:56  Supply Depot  
  51  13:59  Thor  
  57  14:09  Marine x4  
  61  14:13  Starport Tech Lab  
  61  14:16  Starport Tech Lab  
  61  14:18  Supply Depot  
  61  14:26  Marine  
  61  14:27  Marine x3  
  65  14:34  Terran Ship Weapons Level 1  
  65  14:40  Fusion Core  
  65  14:41  Supply Depot  
  65  14:42  Thor  
  65  14:44  Marine  
  72  15:05  Supply Depot  
  72  15:25  Thor  
  78  16:07  Thor  
  84  16:50  Thor  
  68  18:37  Battlecruiser x2  
  73  19:42  Battlecruiser x2  
  85  20:00  Weapon Refit  
  85  20:45  Terran Ship Weapons Level 2  
  85  20:46  Battlecruiser x2  
  96  21:50  Battlecruiser x2  
  108  22:54  Battlecruiser x2  
  120  23:01  Terran Vehicle And Ship Armor Level 1  
  108  23:59  Battlecruiser x2  
  120  25:03  Battlecruiser x2  
Show
View Real Time Build Order
Export as new Build Order

MooEsqoo Protoss - Winner!

Build Orders: 1 Gate Expand, Carriers 

Get SALT Encoding   

  12  0:02  Probe  
  13  0:23  Probe  
  13  0:27  Pylon  
  14  0:35  Probe  
  15  0:46  Gateway  
  15  0:47  Probe  
  16  0:50  Assimilator  
  16  1:04  Probe  
  17  1:16  Probe  
  18  1:28  Probe  
  18  1:29  Nexus  
  19  1:41  Cybernetics Core  
  19  1:43  Probe  
  20  1:51  Pylon  
  20  1:55  Probe  
  21  2:02  Assimilator  
  21  2:07  Probe  
  22  2:17  Robotics Facility  
  22  2:27  Probe  
  22  2:29  Stalker  
  25  2:39  Forge  
  25  2:45  Probe  
  25  2:47  Pylon  
  25  2:51  Probe  
  27  2:57  Probe  
  28  3:02  Stalker  
  30  3:10  Assimilator  
  30  3:13  Probe  
  30  3:14  Probe  
  30  3:16  Protoss Ground Weapons Level 1  
  32  3:25  Probe  
  32  3:26  Probe  
  34  3:34  Stalker  
  34  3:39  Probe  
  37  3:45  Warp Gate  
  37  3:50  Warp Prism  
  37  3:52  Probe  
  37  3:53  Probe  
  41  4:04  Assimilator  
  41  4:05  Probe  
  41  4:06  Probe  
  43  4:11  Stalker  
  45  4:20  Gateway  
  45  4:23  Gateway  
  45  4:37  Probe  
  45  4:38  Probe  
  47  4:41  Stalker  
  47  4:45  Immortal (Chrono Boost)  
  49  4:49  Probe  
  54  4:54  Pylon  
  54  5:11  Pylon  
  54  5:12  Probe  
  54  5:13  Pylon  
  55  5:14  Stalker, Pylon  
  55  5:20  Stalker  
  59  5:21  Stalker  
  59  5:25  Probe  
  62  6:00  Gateway x2  
  62  6:04  Pylon  
  62  6:06  Pylon  
  62  6:08  Probe  
  62  6:09  Pylon  
  63  6:11  Pylon  
  63  6:20  Probe  
  64  6:28  Stalker x2  
  64  6:29  Stalker  
  64  6:32  Probe  
  71  6:44  Probe  
  72  6:52  Stargate  
  72  6:57  Stargate  
  72  7:01  Stargate  
  72  7:04  Probe x2  
  74  7:14  Stalker  
  74  7:15  Stalker x2  
  80  7:16  Stalker x2, Probe  
  85  7:28  Probe  
  86  7:35  Twilight Council  
  86  7:37  Protoss Ground Armor Level 1 (Chrono Boost)  
  86  7:57  Stalker  
  86  7:58  Stalker x2  
  92  8:00  Stalker  
  94  8:22  Stalker x3  
  94  8:23  Stalker x2  
  104  8:55  Stalker x2  
  106  8:56  Stalker x3  
  112  9:42  Stalker  
  112  9:43  Stalker x2  
  98  10:15  Stalker x3  
  98  10:16  Stalker x2  
  98  10:39  Stalker x4  
  104  10:56  Fleet Beacon  
  104  11:02  Stalker  
  106  11:08  Zealot x2  
  106  11:09  Zealot x2  
  114  11:12  Protoss Ground Weapons Level 2 (Chrono Boost)  
  114  11:25  Immortal (Chrono Boost)  
  118  11:58  Pylon  
  118  12:00  Pylon  
  118  12:01  Pylon  
  118  12:03  Pylon  
  118  12:04  Pylon  
  118  12:05  Pylon  
  124  12:23  Carrier (Chrono Boost)  
  124  12:59  Carrier (Chrono Boost)  
  130  13:07  Immortal (Chrono Boost)  
  146  14:20  Carrier (Chrono Boost)  
  146  14:21  Carrier (Chrono Boost)  
  146  14:22  Carrier (Chrono Boost)  
  152  14:28  Mothership  
  160  15:01  Pylon  
  160  15:04  Pylon  
  160  15:05  Pylon  
  160  15:08  Pylon  
  160  15:10  Pylon  
  160  15:11  Pylon  
  160  15:18  Protoss Ground Weapons Level 3 (Chrono Boost)  
  160  15:29  Blink (Chrono Boost)  
  160  15:48  Protoss Air Weapons Level 1 (Chrono Boost)  
  152  16:25  Nexus  
  110  16:51  Carrier (Chrono Boost)  
  126  16:59  Carrier (Chrono Boost)  
  126  17:00  Carrier (Chrono Boost)  
  120  18:02  Probe  
  120  18:05  Assimilator  
  119  18:09  Assimilator  
  115  18:13  Nexus  
  115  18:14  Probe  
  115  18:17  Assimilator  
  110  18:20  Assimilator  
  110  18:22  Stargate  
  110  18:25  Stargate x2  
  110  18:27  Stargate  
  110  18:35  Stalker x4  
  110  18:36  Stalker  
  78  19:17  Stalker x4  
  78  19:18  Stalker  
  94  19:27  Carrier x2 (Chrono Boost)  
  86  20:07  Carrier x2 (Chrono Boost)  
  81  20:08  Carrier (Chrono Boost)  
  97  20:42  Probe  
  98  20:51  Probe  
  98  20:53  Protoss Ground Armor Level 2 (Chrono Boost)  
  98  20:54  Probe  
  100  21:03  Probe  
  101  21:07  Probe  
  102  21:15  Probe  
  103  21:19  Probe  
  104  21:27  Probe  
  104  21:30  Protoss Air Weapons Level 2 (Chrono Boost)  
  104  21:31  Probe  
  115  21:40  Mothership, Probe  
  115  22:06  Probe  
  122  22:18  Probe  
  123  22:23  Carrier (Chrono Boost)  
  123  22:57  Carrier (Chrono Boost)  
  123  22:58  Carrier (Chrono Boost)  
  135  23:13  Carrier (Chrono Boost)  
  141  23:35  Stalker x3  
  141  23:36  Stalker x2  
  151  24:19  Protoss Air Weapons Level 3 (Chrono Boost)  
  151  24:21  Carrier (Chrono Boost)  
  157  24:50  Zealot x3  
  157  24:51  Zealot x2  
  157  25:31  Carrier  
  157  25:32  Carrier  
  155  25:47  Stalker x4  
  161  26:17  Probe  
Show
View Real Time Build Order
Export as new Build Order

AlexKey Terran - Winner!

Build Orders:  

Get SALT Encoding   

  12  0:03  SCV  
  13  0:15  SCV  
  14  0:26  Supply Depot  
  14  0:27  SCV  
  15  0:36  Supply Depot  
  15  0:47  SCV  
  16  0:55  Barracks  
  16  0:59  SCV  
  16  1:02  Supply Depot  
  17  1:11  SCV  
  17  1:17  Refinery  
  18  1:19  Refinery  
  18  1:23  SCV  
  19  1:50  SCV  
  20  1:59  Reaper  
  21  2:02  SCV  
  22  2:14  SCV  
  23  2:33  Factory  
  22  3:42  Starport  
  22  3:46  Starport  
  22  3:51  Armory  
  22  3:52  SCV  
  23  4:04  SCV  
  24  4:16  SCV  
  25  4:24  Starport Reactor  
  25  4:25  Starport Reactor  
  25  5:16  Viking x2  
  25  5:17  Viking x2  
  25  5:20  Terran Ship Weapons Level 1  
  33  5:46  Medivac x2  
  33  5:47  Medivac  
  39  6:22  Orbital Command  
  39  6:53  Command Center  
  39  6:54  Viking x4  
  47  7:08  Refinery  
  47  7:16  Refinery  
  39  8:59  Viking x3  
  39  9:00  Viking, Command Center  
  47  9:02  Terran Vehicle And Ship Armor Level 1  
  33  10:09  Viking x3  
  33  10:10  Viking  
  41  10:20  Orbital Command  
  41  10:43  Viking x4  
  49  11:02  SCV  
  50  11:15  SCV  
  51  11:19  Viking x3  
  51  11:20  Viking  
  51  11:24  Terran Ship Weapons Level 2  
  59  11:27  SCV  
  60  11:39  SCV  
  61  11:51  SCV  
  61  11:53  Viking x4  
  70  12:03  SCV  
  70  12:05  Supply Depot  
  71  12:41  Viking x3  
  71  12:42  Viking  
  79  12:48  Supply Depot  
  79  12:55  Barracks Tech Lab  
  79  13:14  Viking  
  79  13:15  Viking  
  83  13:44  Terran Ship Weapons Level 3  
  83  13:48  Viking x2  
  87  13:49  Viking x2  
  87  13:54  SCV  
  92  14:00  Supply Depot  
  92  14:06  SCV  
  93  14:18  SCV  
  94  14:30  SCV  
  96  14:46  Viking x2  
  96  14:47  Viking x2  
  103  15:16  Viking x2  
  103  15:17  Viking x2  
  111  15:46  Viking x3  
  117  15:55  Supply Depot, Refinery  
  117  15:56  Refinery  
  117  15:57  Command Center  
  117  15:58  Viking  
  109  16:21  Terran Vehicle And Ship Armor Level 2  
  72  17:23  Orbital Command  
  72  17:35  Viking x2  
  72  17:36  Viking x2  
  62  18:05  Viking x2  
  64  18:06  Viking x2  
  64  18:35  Viking  
  32  20:09  Viking x3  
  32  20:10  Viking  
  34  20:39  Viking x3  
  34  20:40  Viking  
  42  21:08  SCV  
  43  21:20  SCV  
  44  21:33  SCV  
  45  21:45  SCV  
  46  22:24  SCV  
  47  22:36  SCV  
  48  22:42  Viking x3  
  48  22:43  Viking  
  56  22:48  SCV  
  57  23:00  SCV  
  58  23:12  SCV  
  59  23:48  Viking x4  
  64  24:02  SCV  
  65  24:14  SCV  
  66  24:26  SCV  
  66  24:30  Viking x3  
  73  24:38  SCV  
  74  24:50  SCV  
Show
View Real Time Build Order
Export as new Build Order

Odin Protoss - Winner!

Build Orders: Carriers 

Get SALT Encoding   

  12  0:03  Probe  
  13  0:15  Probe  
  13  0:21  Assimilator  
  14  0:27  Probe  
  14  0:28  Assimilator  
  15  0:39  Pylon  
  15  0:59  Gateway  
  15  1:00  Probe (Chrono Boost)  
  16  1:12  Probe (Chrono Boost)  
  17  1:21  Probe (Chrono Boost)  
  18  1:27  Probe  
  19  1:39  Probe  
  20  1:47  Cybernetics Core  
  20  1:51  Probe  
  21  2:03  Probe  
  21  2:05  Pylon  
  22  2:26  Stargate  
  22  2:28  Stargate  
  22  2:31  Probe  
  23  2:39  Pylon, Protoss Air Weapons Level 1 (Chrono Boost)  
  23  2:43  Probe  
  24  3:10  Void Ray  
  24  3:11  Void Ray  
  32  3:23  Probe  
  33  3:35  Probe  
  33  3:37  Pylon  
  34  3:50  Void Ray (Chrono Boost)  
  34  3:51  Void Ray (Chrono Boost)  
  42  4:20  Nexus  
  42  4:38  Probe  
  43  4:50  Probe  
  44  4:53  Pylon  
  44  4:54  Pylon  
  44  5:02  Probe  
  45  5:14  Probe  
  46  5:26  Probe  
  47  5:40  Probe  
  48  5:47  Assimilator  
  48  5:50  Assimilator  
  48  5:52  Probe  
  48  5:56  Forge  
  49  5:59  Protoss Air Armor Level 1 (Chrono Boost)  
  50  6:04  Probe  
  50  6:16  Probe  
  51  6:28  Probe  
  52  6:33  Protoss Shields Level 1  
  52  6:40  Probe  
  52  6:42  Fleet Beacon  
  53  6:47  Pylon  
  53  6:53  Stargate  
  53  6:55  Stargate  
  53  7:05  Void Ray (Chrono Boost)  
  53  7:06  Void Ray (Chrono Boost)  
  53  7:07  Robotics Facility  
  61  7:18  Probe  
  62  7:30  Probe  
  63  7:39  Nexus  
  63  7:42  Assimilator, Probe  
  64  7:46  Assimilator  
  64  7:55  Probe  
  65  8:07  Probe  
  66  8:16  Observer  
  66  8:19  Probe  
  68  8:31  Probe  
  68  8:32  Carrier x2  
  81  8:43  Probe (Chrono Boost)  
  82  8:55  Probe (Chrono Boost)  
  83  9:01  Probe (Chrono Boost)  
  84  9:09  Probe  
  84  9:11  Twilight Council  
  85  9:22  Probe (Chrono Boost)  
  85  9:23  Carrier x2  
  98  9:30  Probe (Chrono Boost)  
  99  9:36  Protoss Air Armor Level 2  
  99  9:40  Probe (Chrono Boost)  
  100  9:51  Pylon  
  100  9:53  Pylon  
  100  10:00  Probe (Chrono Boost)  
  101  10:11  Probe (Chrono Boost)  
  101  10:13  Probe (Chrono Boost)  
  103  10:16  Probe (Chrono Boost)  
  103  10:19  Resonating Glaives (Chrono Boost)  
  103  10:20  Probe (Chrono Boost)  
  105  10:26  Probe (Chrono Boost)  
  105  10:27  Probe (Chrono Boost)  
  108  10:30  Probe (Chrono Boost)  
  108  10:31  Probe (Chrono Boost)  
  108  10:33  Probe  
  110  10:39  Probe  
  110  10:41  Pylon  
  110  10:42  Protoss Shields Level 2, Probe  
  112  10:44  Pylon  
  112  10:45  Pylon  
  112  10:47  Pylon  
  112  10:54  Probe  
  113  10:57  Probe  
  114  11:09  Probe  
  115  11:21  Probe (Chrono Boost)  
  115  11:24  Carrier x2  
  128  11:34  Probe (Chrono Boost)  
  129  11:42  Probe (Chrono Boost)  
  129  11:44  Carrier  
  129  11:45  Carrier  
  142  11:48  Probe  
  143  12:00  Probe  
  144  12:04  Protoss Air Weapons Level 2 (Chrono Boost)  
  144  12:24  Nexus  
  144  12:47  Void Ray  
  148  13:22  Assimilator  
  148  13:27  Assimilator  
  148  13:32  Pylon  
  148  13:33  Pylon  
  148  13:35  Pylon, Void Ray x3  
  148  13:36  Observer  
  148  13:37  Pylon  
  148  13:38  Pylon  
  148  13:40  Pylon  
  161  13:42  Pylon  
  161  13:47  Mothership (Chrono Boost)  
  161  13:51  Void Ray  
  173  13:57  Observer  
  174  14:09  Protoss Shields Level 3  
  174  14:18  Tempest x3  
  189  14:34  Protoss Air Armor Level 3, Tempest  
  194  15:05  Void Ray  
  198  16:03  Stargate  
  198  16:07  Stargate  
  198  16:08  Stargate  
  177  16:34  Void Ray x4  
  158  17:04  Void Ray x3  
  158  17:16  Void Ray  
  158  17:17  Void Ray x3  
  174  17:33  Protoss Air Weapons Level 3  
  174  17:41  Observer  
  166  17:59  Void Ray x2  
  166  18:00  Void Ray x2  
  166  18:03  Observer  
  183  18:24  Observer  
  172  18:42  Void Ray x3  
  110  20:07  Tempest  
  110  20:08  Tempest x5  
  110  20:09  Tempest  
  144  20:50  Tempest x2  
  144  20:51  Tempest x4  
  174  21:16  Nexus  
  174  21:19  Mothership (Chrono Boost), Assimilator  
  174  21:21  Assimilator  
  182  21:30  Void Ray  
  186  21:33  Void Ray  
  190  21:46  Assimilator  
  189  21:49  Assimilator  
  180  23:12  Void Ray x5  
  199  23:57  Nexus  
  122  25:19  Void Ray x3  
  122  25:20  Void Ray x4  
  145  26:02  Void Ray x2  
Show
View Real Time Build Order
Export as new Build Order

NUKEduken Zerg 

Build Orders: Pool First 

Get SALT Encoding   

  12  0:45  Spawning Pool  
  12  0:48  Hatchery  
  10  0:50  Drone  
  11  1:00  Overlord  
  11  1:05  Drone  
  12  1:12  Drone  
  12  1:16  Extractor  
  12  1:18  Drone  
  13  1:31  Drone  
  14  1:43  Extractor, Drone  
  14  1:47  Overlord  
  14  1:55  Drone  
  15  2:02  Queen  
  17  2:18  Drone x2  
  20  2:51  Hatchery, Drone x3  
  20  2:57  Drone x2  
  23  3:01  Drone  
  24  3:19  Zergling x2  
  25  3:22  Lair  
  25  3:32  Drone x3  
  28  3:38  Extractor  
  28  3:39  Drone x2  
  29  3:51  Overlord  
  29  3:56  Drone  
  30  4:03  Drone x3  
  30  4:06  Drone  
  34  4:12  Pneumatized Carapace  
  34  4:17  Drone x2  
  36  4:25  Nydus Network  
  36  4:27  Drone x2, Infestation Pit, Overlord  
  36  4:37  Drone x3  
  39  4:41  Extractor  
  39  4:42  Drone x3  
  40  4:58  Drone x3  
  40  4:59  Drone x2  
  45  5:08  Infestor  
  45  5:12  Infestor x2  
  51  5:14  Overlord  
  51  5:28  Spore Crawler x2  
  50  5:30  Spore Crawler  
  50  5:31  Burrow  
  50  5:34  Spore Crawler  
  47  5:40  Infestor  
  49  5:45  Queen  
  49  5:46  Extractor, Drone x3  
  53  5:56  Zergling x8  
  53  5:57  Zergling x4  
  59  6:06  Neural Parasite  
  65  6:35  Overlord  
  65  6:36  Overlord x2  
  65  6:53  Swarm Host  
  77  7:03  Evolution Chamber  
  77  7:05  Evolution Chamber x2  
  77  7:07  Spore Crawler  
  73  7:11  Swarm Host  
  73  7:15  Overlord  
  79  7:24  Drone  
  79  7:25  Extractor, Drone x2  
  81  7:35  Nydus Canal  
  81  8:39  Spine Crawler  
  81  8:40  Spine Crawler  
  81  8:41  Spine Crawler x2  
  74  8:56  Drone  
  74  8:57  Drone x2  
  74  8:58  Queen  
  78  9:03  Infestor x2  
  82  9:30  Zerg Melee Weapons Level 1  
  82  9:34  Zerg Ground Armor Level 1, Zerg Missile Weapons Level 1  
  82  9:35  Hatchery  
  79  10:53  Overlord x2  
  79  10:54  Overlord x4  
  79  10:59  Pathogen Glands  
  79  11:25  Queen  
  79  11:26  Drone x3  
  84  11:33  Drone x2  
  84  11:34  Drone  
  87  11:40  Swarm Host  
  105  12:01  Nydus Canal  
  105  12:05  Queen, Overlord  
  105  12:06  Overlord  
  105  12:08  Zerg Melee Weapons Level 2, Zerg Missile Weapons Level 2  
  107  12:09  Zerg Ground Armor Level 2  
  104  12:46  Nydus Canal  
  104  12:49  Infestor x3  
  110  13:04  Drone x3  
  113  13:23  Spore Crawler, Overlord  
  113  13:24  Spore Crawler x3  
  113  13:25  Spore Crawler  
  108  13:27  Spore Crawler  
  107  13:38  Hatchery  
  106  13:50  Drone x3  
  109  14:02  Nydus Canal  
  109  14:10  Spine Crawler  
  109  14:11  Drone  
  109  14:12  Spine Crawler x2, Queen  
  109  14:13  Drone x2  
  110  14:27  Hatchery  
  109  14:38  Infestor x3  
  115  14:46  Overlord x5  
  115  14:49  Queen  
  117  15:08  Overseer  
  117  15:17  Queen  
  117  15:18  Drone x3  
  122  15:22  Drone x3  
  122  15:26  Extractor  
  124  15:30  Extractor  
  123  15:36  Hive  
  123  15:43  Nydus Canal  
  82  17:20  Infestor x5  
  82  17:21  Infestor x3  
  81  17:24  Infestor  
  81  17:25  Infestor x2  
  75  17:30  Spore Crawler  
  75  17:31  Spore Crawler x2  
  75  17:32  Spore Crawler x2  
  75  17:33  Spore Crawler  
  75  17:34  Infestor x9  
  68  17:37  Spore Crawler  
  68  17:38  Spore Crawler x2  
  68  17:39  Spore Crawler  
  68  17:40  Spore Crawler, Zerg Melee Weapons Level 3  
  60  17:58  Spine Crawler  
  59  18:01  Spine Crawler  
  59  18:02  Spine Crawler  
  59  18:04  Spine Crawler  
  59  18:05  Spine Crawler  
  55  18:13  Infestor x2  
  55  18:14  Infestor  
  60  18:27  Spine Crawler  
  60  18:28  Spine Crawler x2  
  60  18:29  Spine Crawler  
  60  18:30  Spine Crawler  
  55  18:43  Infestor x3  
  61  18:51  Overseer x2  
  58  19:22  Drone x2  
  60  19:27  Spore Crawler  
  60  19:28  Spine Crawler  
  60  19:29  Spine Crawler  
  60  19:30  Spine Crawler  
  56  19:31  Spine Crawler  
  56  19:32  Drone x5  
  56  19:33  Drone  
  59  20:30  Spore Crawler  
  59  20:31  Drone x3  
  61  21:07  Hatchery  
  60  21:34  Drone x3  
  63  21:45  Infestor x4  
  71  21:47  Hatchery  
  68  24:05  Spore Crawler  
  68  24:06  Spore Crawler  
  68  24:08  Spore Crawler  
  68  24:09  Spore Crawler x2  
  63  24:15  Drone  
  63  24:16  Drone x2  
Show
View Real Time Build Order
Export as new Build Order

Jazman Terran 

Build Orders: Command Center First (CC) 

Get SALT Encoding   

  12  0:14  SCV  
  13  0:26  SCV  
  14  0:38  SCV  
  15  1:04  Supply Depot  
  15  1:07  Command Center  
  15  1:25  SCV  
  15  1:28  Barracks  
  16  1:36  Supply Depot  
  16  1:38  SCV  
  17  1:44  Supply Depot  
  17  1:51  SCV  
  17  1:54  Barracks  
  18  2:04  SCV  
  19  2:11  Barracks  
  19  2:17  Marine  
  20  2:25  Orbital Command  
  20  2:33  Refinery  
  20  2:36  Refinery  
  20  2:46  Supply Depot  
  20  2:50  SCV  
  21  2:58  Marine  
  22  2:59  Marine  
  22  3:02  SCV  
  24  3:09  SCV  
  25  3:15  SCV  
  27  3:27  SCV  
  26  3:44  SCV  
  26  3:45  Orbital Command  
  26  3:46  Marine  
  26  3:47  Marine x2  
  30  3:57  Bunker  
  30  4:04  SCV, Marine x2  
  30  4:05  Factory  
  33  4:10  SCV  
  33  4:13  Marine  
  35  4:22  Marine  
  35  4:23  SCV  
  37  4:28  Supply Depot  
  37  4:29  Barracks Tech Lab  
  37  4:35  SCV  
  38  4:41  SCV  
  39  4:47  SCV  
  39  4:48  Factory Tech Lab  
  39  4:52  Barracks Reactor  
  40  4:53  Marauder  
  40  4:54  Marine  
  40  4:58  Supply Depot  
  38  5:12  Marine  
  29  5:15  Marauder  
  25  5:27  Marine x2  
  27  5:30  Marine  
  27  5:35  Marine, Refinery  
  29  5:45  SCV, Marine x2  
  29  5:48  Marine  
  33  5:53  Marine  
  34  5:57  SCV  
  34  6:00  Supply Depot  
  34  6:03  Marine x2  
  37  6:06  Marine  
  37  6:09  Siege Tank  
  41  6:11  Marine  
  41  6:17  Refinery  
  42  6:21  Marine x2  
  42  6:22  Supply Depot  
  42  6:23  Marine  
  45  6:29  Marine  
  46  6:39  Marine x2  
  48  6:41  Marine  
  48  6:46  Stimpack  
  49  6:49  Marine  
  50  6:55  Engineering Bay  
  50  6:56  Marine x2  
  50  6:59  Marine  
  53  7:06  SCV  
  53  7:07  Marine  
  55  7:17  Siege Tank  
  55  7:18  SCV  
  59  7:28  Barracks Reactor  
  59  7:30  SCV  
  60  7:39  Marine  
  60  7:40  Marine  
  60  7:43  SCV, Hi-Sec Auto Tracking  
  63  7:45  Missile Turret  
  63  7:55  SCV  
  64  8:08  Missile Turret  
  64  8:26  Combat Shield  
  46  8:57  Marine x5  
  51  9:14  Marine  
  51  9:15  Command Center, Marine x4  
  56  9:30  Missile Turret  
  56  9:32  Marine  
  56  9:33  Marine x4  
  57  9:52  Missile Turret  
  57  9:55  Marine x3  
  57  9:56  Marine x2  
  35  10:12  Marine  
  35  10:13  Marine x2  
  35  10:14  Marine x2  
  40  10:31  Marine x2, Marauder  
  40  10:32  Marine x2  
  46  10:44  Missile Turret  
  46  10:52  Marauder  
  48  10:59  Terran Infantry Weapons Level 1  
  48  11:01  Orbital Command  
  48  11:05  Missile Turret  
  48  11:08  Missile Turret  
  48  11:14  Marauder  
  50  11:26  Missile Turret  
  50  11:30  Missile Turret  
  50  11:31  SCV  
  51  11:35  Marauder  
  53  11:44  Marine x3  
  53  11:46  Missile Turret  
  56  11:56  Marauder  
  58  12:05  Starport  
  58  12:07  Starport  
  58  12:13  Marine  
  58  12:14  Marine x3  
  62  12:17  Marine  
  62  12:22  SCV  
  64  12:31  Marine x2  
  64  12:34  SCV  
  67  12:45  Starport Reactor x2  
  67  12:46  SCV  
  68  12:53  Terran Infantry Armor Level 1  
  69  12:58  SCV  
  69  13:10  SCV  
  69  13:11  Supply Depot  
  70  13:29  SCV  
  69  13:42  SCV  
  68  13:51  Marine  
  68  13:52  Marine x4  
  68  13:54  SCV  
  74  13:56  Medivac x4  
  82  14:09  Marine, Refinery  
  83  14:10  Marine x3  
  83  14:16  Marine  
  87  14:26  Viking x3  
  87  14:27  Marine  
  94  14:39  Supply Depot  
  94  15:00  Viking x3, Marine x2  
  102  15:14  Supply Depot  
  102  15:36  Viking x2, Marine x4  
  110  15:45  Medivac, Viking, Marine  
  110  15:46  Supply Depot  
  115  15:53  Marine x3  
  118  16:04  Marine  
  118  16:07  Marine  
  119  16:11  Marine x3  
  118  16:22  Marine  
  118  16:25  Marine  
  116  16:29  Marine x3  
  55  16:40  Marine  
  55  16:43  Marine  
  46  16:47  Marine  
  45  16:54  Marine x2  
  45  16:58  Marine  
  45  17:01  Marine  
  40  17:05  Marauder  
  35  17:12  Marine x2  
  37  17:16  Marine  
  37  17:19  Marine  
  39  17:27  Marauder  
  39  17:29  Marine  
  33  17:30  Marine  
  33  17:33  Marine  
  33  17:36  Marine  
  15  17:47  Marine  
  15  17:48  Marauder, Marine  
  16  18:09  Marine  
Show
View Real Time Build Order
Export as new Build Order

azerty Protoss 

Build Orders: Forge Fast Expand (FFE), Carriers 

Get SALT Encoding   

  12  0:13  Probe  
  13  0:27  Pylon  
  13  0:51  Forge  
  13  0:58  Probe (Chrono Boost)  
  14  1:08  Probe (Chrono Boost)  
  15  1:17  Nexus  
  15  1:38  Pylon  
  15  1:40  Pylon  
  15  1:57  Photon Cannon  
  15  1:59  Photon Cannon  
  15  2:10  Photon Cannon  
  15  2:19  Photon Cannon  
  15  2:30  Probe (Chrono Boost)  
  16  2:40  Probe (Chrono Boost)  
  16  2:41  Assimilator  
  17  2:45  Probe (Chrono Boost)  
  17  2:46  Assimilator  
  18  2:57  Probe (Chrono Boost)  
  19  3:04  Probe (Chrono Boost)  
  20  3:31  Photon Cannon  
  20  3:35  Photon Cannon  
  20  3:46  Probe (Chrono Boost), Nexus  
  22  3:56  Probe (Chrono Boost)  
  22  4:01  Probe (Chrono Boost)  
  22  4:09  Gateway, Probe (Chrono Boost)  
  24  4:18  Probe (Chrono Boost)  
  24  4:23  Probe (Chrono Boost)  
  26  4:28  Probe (Chrono Boost)  
  28  4:32  Probe (Chrono Boost)  
  28  4:36  Pylon  
  28  4:37  Probe (Chrono Boost)  
  29  4:47  Assimilator  
  29  4:52  Assimilator  
  28  4:58  Cybernetics Core  
  28  5:02  Pylon  
  28  5:08  Photon Cannon  
  28  5:10  Photon Cannon  
  28  5:14  Photon Cannon  
  28  5:16  Photon Cannon  
  28  5:31  Pylon  
  28  5:40  Probe  
  29  5:43  Probe  
  30  5:51  Stargate  
  30  5:53  Probe, Stargate  
  30  5:55  Probe  
  30  5:56  Stargate  
  32  6:00  Pylon  
  32  6:05  Probe  
  32  6:08  Probe  
  34  6:28  Probe (Chrono Boost)  
  36  6:34  Probe (Chrono Boost)  
  36  6:37  Phoenix  
  36  6:38  Phoenix  
  36  6:39  Probe (Chrono Boost)  
  41  6:40  Phoenix  
  41  6:42  Probe (Chrono Boost)  
  41  6:45  Probe (Chrono Boost)  
  45  6:47  Probe (Chrono Boost)  
  46  6:54  Probe  
  46  6:58  Probe (Chrono Boost)  
  46  7:01  Fleet Beacon  
  48  7:02  Phoenix, Protoss Air Weapons Level 1 (Chrono Boost)  
  48  7:03  Phoenix  
  48  7:05  Pylon  
  52  7:10  Probe (Chrono Boost)  
  53  7:16  Phoenix  
  53  7:20  Probe (Chrono Boost)  
  56  7:25  Protoss Shields Level 1 (Chrono Boost), Probe  
  56  7:27  Phoenix  
  57  7:37  Probe  
  58  7:49  Phoenix  
  58  7:50  Phoenix  
  62  7:52  Phoenix  
  52  8:14  Phoenix x2  
  52  8:17  Phoenix  
  52  8:18  Shield Battery  
  58  8:23  Photon Cannon  
  58  8:31  Pylon  
  58  8:34  Assimilator  
  58  8:37  Assimilator  
  58  8:39  Phoenix x2  
  62  8:42  Phoenix  
  64  8:59  Photon Cannon  
  64  9:00  Photon Cannon  
  64  9:02  Photon Cannon  
  64  9:06  Photon Cannon  
  64  9:08  Phoenix x3  
  70  9:17  Cybernetics Core  
  70  9:33  Phoenix  
  70  9:35  Phoenix x2  
  76  9:58  Phoenix  
  78  10:00  Phoenix x2  
  78  10:23  Phoenix  
  78  10:25  Phoenix x2  
  84  10:48  Phoenix  
  86  10:50  Phoenix x2  
  90  11:06  Stargate x2  
  90  11:10  Stargate  
  90  11:13  Phoenix, Pylon  
  90  11:15  Phoenix x2, Pylon  
  90  11:18  Pylon  
  96  11:26  Pylon  
  96  11:50  Assimilator  
  96  11:54  Assimilator  
  96  11:56  Nexus, Protoss Air Armor Level 1 (Chrono Boost)  
  96  11:59  Protoss Air Weapons Level 2 (Chrono Boost)  
  96  12:07  Twilight Council  
  96  12:12  Pylon  
  96  12:16  Probe  
  96  12:19  Probe  
  98  12:26  Pylon  
  98  12:28  Probe  
  98  12:29  Pylon  
  99  12:31  Probe  
  99  12:33  Pylon  
  99  12:36  Pylon  
  100  12:40  Probe  
  100  12:43  Probe  
  102  12:46  Carrier x4 (Chrono Boost)  
  126  12:53  Anion Pulse-Crystals  
  131  13:06  Tempest (Chrono Boost)  
  131  13:20  Tempest  
  136  13:42  Tempest  
  141  13:58  Carrier x2  
  153  14:11  Probe (Chrono Boost)  
  154  14:21  Probe (Chrono Boost)  
  155  14:25  Protoss Shields Level 2 (Chrono Boost)  
  155  14:26  Probe (Chrono Boost)  
  156  14:37  Probe  
  157  14:46  Protoss Air Armor Level 2 (Chrono Boost)  
  157  14:52  Protoss Air Weapons Level 3 (Chrono Boost)  
  157  14:54  Tempest  
  162  15:26  Carrier  
  162  15:28  Tempest  
  173  15:30  Tempest  
  177  16:13  Tempest x4  
  77  17:02  Phoenix x3 (Chrono Boost)  
  77  17:08  Phoenix x3 (Chrono Boost)  
  67  17:19  Phoenix (Chrono Boost)  
  69  17:26  Phoenix x3  
  72  17:31  Phoenix x2  
  64  17:41  Phoenix  
  60  17:51  Phoenix x2  
  41  19:15  Pylon  
  26  19:20  Pylon  
  26  20:01  Nexus  
  20  20:20  Gateway  
  20  20:26  Forge  
  20  20:45  Nexus  
  20  20:49  Assimilator x2  
  16  21:36  Probe (Chrono Boost)  
  17  21:46  Probe (Chrono Boost)  
  19  21:55  Cybernetics Core  
  11  22:16  Probe (Chrono Boost)  
  12  22:25  Probe (Chrono Boost)  
  13  22:30  Probe (Chrono Boost)  
  14  22:42  Pylon, Probe  
  14  22:43  Pylon  
  15  22:55  Probe (Chrono Boost)  
  17  23:06  Probe (Chrono Boost), Stargate  
  17  23:11  Probe (Chrono Boost)  
  18  23:13  Stargate  
  18  23:40  Stargate  
  16  23:53  Gateway  
  16  24:12  Void Ray  
  20  24:37  Void Ray (Chrono Boost)  
Show
View Real Time Build Order
Export as new Build Order

GraniteKilla Terran 

Build Orders:  

Get SALT Encoding   

  12  0:01  SCV  
  13  0:13  SCV  
  14  0:25  SCV  
  15  0:35  Supply Depot  
  15  0:48  Refinery  
  15  0:56  SCV  
  16  0:58  Supply Depot  
  16  1:03  Refinery  
  16  1:09  SCV  
  17  1:20  Supply Depot  
  17  1:21  SCV  
  18  1:33  SCV  
  19  1:42  Supply Depot  
  19  1:45  SCV  
  19  1:46  Barracks  
  20  1:57  SCV  
  21  2:06  Supply Depot  
  21  2:09  SCV  
  22  2:20  Engineering Bay  
  22  2:21  SCV  
  23  2:32  Supply Depot  
  23  2:33  SCV  
  24  2:45  SCV  
  24  2:46  Bunker  
  25  2:55  Supply Depot  
  25  3:00  Barracks Reactor  
  25  3:02  Planetary Fortress  
  25  3:24  Command Center  
  25  3:35  Refinery  
  25  3:36  Refinery  
  25  3:40  Marine x2  
  27  3:55  Neosteel Armor  
  27  3:58  Marine x2  
  29  4:09  SCV  
  30  4:22  SCV  
  31  4:37  SCV  
  32  4:44  SCV  
  33  4:49  SCV  
  34  4:54  Missile Turret  
  34  4:56  SCV  
  35  5:01  SCV  
  36  5:13  SCV, Missile Turret  
  37  5:21  Missile Turret  
  37  5:25  SCV  
  38  5:32  Missile Turret  
  38  5:35  Hi-Sec Auto Tracking  
  38  5:39  SCV  
  38  5:40  Missile Turret  
  39  5:44  Marine x2  
  41  5:51  SCV  
  41  5:54  Missile Turret  
  42  6:00  Missile Turret  
  42  6:03  SCV  
  43  6:11  Missile Turret  
  43  6:13  Missile Turret  
  43  6:15  SCV  
  44  6:27  SCV  
  44  6:31  Missile Turret  
  44  6:32  Factory  
  45  6:33  Terran Infantry Weapons Level 1  
  45  6:50  Missile Turret  
  45  6:51  Missile Turret  
  45  7:02  SCV  
  46  7:10  Missile Turret  
  46  7:14  SCV  
  47  7:18  Factory Tech Lab  
  47  7:26  SCV  
  47  7:27  Armory  
  47  7:28  Missile Turret  
  48  7:38  Widow Mine  
  48  7:39  SCV  
  51  7:47  Missile Turret  
  51  7:51  SCV  
  52  8:00  Widow Mine  
  54  8:16  Armory  
  54  8:20  Supply Depot  
  54  8:21  Widow Mine  
  56  8:27  Terran Infantry Armor Level 1  
  56  8:42  Widow Mine, Supply Depot  
  56  8:44  Terran Vehicle Weapons Level 1  
  58  8:48  Orbital Command  
  58  9:04  Widow Mine, Supply Depot  
  58  9:06  Terran Vehicle And Ship Armor Level 1  
  60  9:25  Widow Mine  
  60  9:27  Supply Depot  
  62  9:47  Widow Mine  
  62  9:50  Supply Depot  
  64  10:08  Widow Mine  
  64  10:13  Supply Depot  
  66  10:29  Widow Mine  
  66  10:35  Supply Depot  
  68  10:39  Terran Vehicle Weapons Level 2  
  68  10:51  Widow Mine  
  68  10:54  Terran Infantry Weapons Level 2  
  70  11:12  Widow Mine  
  72  11:33  Widow Mine  
  72  11:39  Starport  
  74  11:54  Terran Vehicle And Ship Armor Level 2  
  74  11:55  Widow Mine  
  76  12:16  Widow Mine  
  76  12:21  Starport  
  76  12:22  Starport Tech Lab  
  78  12:38  Widow Mine  
  80  12:59  Widow Mine  
  82  13:10  Terran Infantry Armor Level 2  
  82  13:20  Widow Mine, Missile Turret  
  84  13:28  Starport Tech Lab  
  84  13:37  Fusion Core  
  84  13:42  Widow Mine  
  86  14:03  Widow Mine  
  88  14:25  Widow Mine  
  90  14:46  Widow Mine  
  90  14:52  Command Center  
  92  14:56  Terran Vehicle And Ship Armor Level 3  
  92  14:58  Terran Vehicle Weapons Level 3  
  92  15:07  Widow Mine  
  94  15:26  Terran Infantry Weapons Level 3  
  94  15:29  Widow Mine  
  96  16:06  Missile Turret  
  96  16:16  Battlecruiser x2  
  108  16:23  Siege Tank  
  111  16:26  Missile Turret  
  111  16:33  Refinery  
  111  16:38  Refinery  
  111  16:45  Missile Turret  
  103  16:55  Siege Tank  
  103  17:02  Missile Turret  
  103  17:06  Missile Turret  
  99  17:15  Missile Turret  
  99  17:21  Battlecruiser x2  
  110  17:33  Widow Mine  
  111  17:55  Widow Mine  
  113  18:03  Terran Ship Weapons Level 1  
  113  18:16  Widow Mine  
  115  18:25  Battlecruiser x2  
  120  18:37  Widow Mine  
  94  20:01  Battlecruiser  
  94  20:02  Battlecruiser  
  94  20:04  Terran Ship Weapons Level 2  
  100  21:00  Widow Mine  
  102  21:06  Battlecruiser x2  
  102  21:10  Terran Infantry Armor Level 3  
  114  21:13  Advanced Ballistics  
  114  21:22  Widow Mine  
  110  21:43  Widow Mine  
  106  22:04  Widow Mine  
  106  22:10  Battlecruiser x2  
  108  22:25  Drilling Claws  
  108  22:26  Widow Mine  
  102  22:47  Widow Mine  
  98  23:08  Widow Mine  
  100  23:14  Battlecruiser x2  
  104  23:30  Widow Mine  
  106  23:51  Widow Mine  
  96  24:14  Missile Turret  
  96  24:33  Missile Turret  
  96  24:52  Missile Turret  
  93  25:11  Missile Turret  
  93  25:30  Missile Turret  
  87  25:49  Command Center  
  84  25:50  Missile Turret  
  84  25:53  Refinery  
  84  25:55  Refinery  
  72  26:10  Missile Turret  
  72  26:15  Orbital Command  
Tags
 
Add a new tag
Caveats
  • Supply blocks, unpowered buildings, or Contaminate may cause inaccurate times.
  • Supply counts are checked every 10 seconds.